Map: [ESL] Stargazers

Players

herO

  • Race: Protoss Protoss
  • Spawn Location: 11:00

Dark - Winner!

  • Race: Zerg Zerg
  • Spawn Location: 1:00

Event: DreamHack SC2 Masters 2022 Valencia

VOD

https://www.youtube.com/watch?v=nJCMiTsNSPo

Description

Time

  • Played on: July 3, 2022, 11:58 a.m.
  • Length: 12:46

All games in this series

Show
View Real Time Build Order
Export as new Build Order

herO Protoss 

Build Orders: 1 Gate Expand, Oracle Opening 

Get SALT Encoding   

  12  0:00  Probe  
  13  0:12  Probe  
  14  0:18  Pylon  
  14  0:24  Probe (Chrono Boost)  
  15  0:37  Probe (Chrono Boost)  
  16  0:43  Gateway  
  16  0:45  Probe (Chrono Boost)  
  16  0:47  Assimilator  
  17  0:51  Probe  
  18  1:03  Probe  
  19  1:15  Probe  
  20  1:30  Cybernetics Core  
  20  1:36  Nexus  
  20  1:42  Pylon  
  20  1:45  Probe  
  21  1:52  Assimilator  
  21  1:57  Probe  
  22  2:04  Adept (Chrono Boost)  
  24  2:09  Probe  
  25  2:21  Stargate, Probe  
  26  2:27  Adept (Chrono Boost)  
  28  2:31  Pylon  
  28  2:33  Probe  
  28  2:35  Warp Gate  
  29  2:46  Probe  
  29  2:48  Probe  
  33  2:58  Probe  
  33  3:00  Probe, Adept  
  33  3:03  Oracle (Chrono Boost)  
  38  3:14  Probe x2, Gateway  
  38  3:19  Pylon  
  40  3:26  Probe x2  
  42  3:31  Oracle (Chrono Boost)  
  45  3:38  Probe x2  
  47  3:50  Nexus  
  47  3:54  Pylon  
  47  3:55  Probe  
  47  3:57  Probe  
  49  4:03  Oracle (Chrono Boost)  
  49  4:09  Assimilator, Probe  
  53  4:11  Probe  
  53  4:12  Assimilator  
  54  4:27  Probe x2  
  56  4:36  Forge  
  56  4:38  Twilight Council  
  56  4:39  Probe x2  
  58  4:47  Gateway x2  
  58  4:51  Probe x2  
  60  5:01  Gateway  
  60  5:02  Gateway  
  60  5:03  Probe x2 (Chrono Boost)  
  60  5:04  Shield Battery  
  60  5:05  Protoss Ground Weapons Level 1 (Chrono Boost)  
  60  5:06  Probe (Chrono Boost)  
  63  5:13  Probe x2 (Chrono Boost)  
  63  5:14  Probe (Chrono Boost), Blink (Chrono Boost)  
  66  5:16  Sentry x2  
  70  5:21  Probe  
  70  5:22  Probe  
  70  5:25  Probe  
  73  5:33  Probe  
  74  5:36  Pylon  
  74  5:39  Probe x2  
  76  5:45  Probe  
  77  5:51  Nexus  
  77  5:54  Probe x2  
  77  5:55  Pylon  
  79  5:58  Probe  
  80  6:12  Stalker x2  
  80  6:14  Photon Cannon  
  80  6:16  Stalker x4  
  80  6:17  Shield Battery  
  89  6:19  Probe  
  89  6:23  Photon Cannon  
  90  6:29  Gateway  
  90  6:31  Gateway  
  90  6:38  Stalker  
  92  6:41  Pylon x2  
  92  6:44  Pylon  
  89  6:47  Stalker  
  91  6:56  Probe x2  
  91  6:57  Pylon  
  91  6:59  Protoss Ground Weapons Level 2, Probe  
  94  7:02  Stalker x4, Charge (Chrono Boost), Gateway  
  102  7:10  Stalker x2  
  106  7:27  Stalker x3  
  106  7:28  Stalker x2  
  114  7:31  Probe x4  
  114  7:34  Stalker x2  
  122  7:43  Probe  
  123  7:46  Stalker  
  125  7:51  Gateway x2  
  125  8:02  Zealot x7  
  139  8:07  Pylon x2  
  139  8:08  Pylon  
  137  8:13  Pylon  
  137  8:14  Templar Archives  
  137  8:21  Probe x3  
  137  8:25  Probe  
  141  8:29  Stalker x7  
  141  8:31  Stalker  
  141  8:32  Sentry  
  130  8:49  Probe x3  
  130  8:50  Pylon  
  130  8:55  Zealot x10  
  151  8:57  Oracle (Chrono Boost)  
  151  8:58  Zealot  
  154  9:12  Gateway  
  154  9:19  Zealot  
  154  9:20  Zealot x8  
  168  9:27  Zealot x2  
  168  9:28  Oracle (Chrono Boost)  
  149  9:47  Zealot x7  
  163  10:02  Nexus  
  163  10:04  Stalker x4, Pylon  
  169  10:09  Zealot x5  
  179  10:19  Probe  
  180  10:22  Probe x3  
  180  10:26  Robotics Facility  
  183  10:29  Robotics Facility  
  183  10:37  Probe x4  
  187  10:48  Zealot  
  187  10:49  Probe  
  186  10:50  Zealot  
  186  10:52  Photon Cannon  
  186  10:54  Shield Battery  
  186  10:56  Pylon  
  188  10:57  Pylon x2  
  188  10:58  Pylon  
  188  10:59  Pylon  
  188  11:10  Immortal (Chrono Boost)  
  188  11:16  Fleet Beacon  
  186  11:19  Stargate, Assimilator  
  186  11:20  Assimilator x2  
  186  11:23  Assimilator, Photon Cannon  
  185  11:32  Zealot x12  
  184  11:41  Immortal x2 (Chrono Boost)  
  147  11:53  Zealot  
  147  11:54  Zealot x10  
  86  12:12  Observer x2 (Chrono Boost)  
  86  12:14  High Templar x4  
  86  12:15  High Templar  
  89  12:16  Zealot x5  
  89  12:20  Archon x2  
  92  12:24  Probe  
  92  12:27  Shield Battery  
Show
View Real Time Build Order
Export as new Build Order

Dark Zerg - Winner!

Build Orders: Hatch First, Lurkers 

Get SALT Encoding   

  12  0:00  Drone  
  13  0:12  Overlord  
  13  0:17  Drone  
  14  0:31  Drone x2  
  16  0:36  Drone  
  17  0:49  Drone  
  18  0:55  Hatchery  
  17  0:59  Drone  
  17  1:03  Extractor  
  17  1:14  Spawning Pool  
  17  1:17  Drone  
  17  1:20  Drone  
  18  1:28  Drone  
  19  1:38  Drone  
  20  1:50  Drone  
  21  2:00  Drone  
  22  2:03  Metabolic Boost  
  22  2:07  Queen  
  25  2:08  Zergling x2  
  25  2:09  Queen  
  25  2:12  Overlord  
  27  2:18  Zergling x2  
  28  2:32  Zergling x2  
  28  2:33  Drone x2  
  31  2:42  Queen  
  33  2:45  Queen  
  33  2:46  Overlord  
  33  2:49  Drone  
  36  3:00  Overlord  
  36  3:10  Zergling x2  
  36  3:12  Drone x2, Hatchery  
  39  3:14  Drone  
  39  3:17  Drone  
  39  3:18  Drone  
  41  3:24  Queen  
  44  3:27  Drone  
  44  3:28  Drone  
  44  3:31  Drone  
  46  3:36  Queen  
  46  3:38  Drone  
  49  3:43  Overlord  
  49  3:46  Spore Crawler  
  48  3:48  Drone  
  48  3:49  Drone  
  48  3:53  Overlord  
  48  3:55  Drone  
  51  4:01  Spore Crawler  
  50  4:03  Drone x3  
  50  4:06  Drone x2  
  55  4:11  Overlord  
  55  4:14  Drone x2  
  55  4:25  Drone x3, Queen  
  55  4:28  Drone x2  
  61  4:33  Drone x2  
  61  4:35  Drone x2  
  64  4:41  Lair  
  64  4:43  Queen  
  67  4:45  Drone  
  67  4:46  Drone  
  67  4:48  Drone  
  67  4:49  Drone  
  70  4:54  Drone x2  
  70  4:56  Extractor  
  70  4:57  Drone  
  70  4:58  Drone, Evolution Chamber  
  70  4:59  Extractor x2  
  70  5:00  Extractor  
  70  5:02  Drone  
  70  5:06  Drone  
  71  5:08  Drone  
  71  5:09  Drone x2  
  71  5:10  Drone x4  
  71  5:13  Drone  
  79  5:21  Drone  
  80  5:26  Extractor  
  80  5:27  Drone x2  
  81  5:30  Zerg Missile Weapons Level 1  
  81  5:31  Overlord  
  81  5:35  Overlord  
  81  5:37  Overlord  
  81  5:39  Overlord  
  81  5:41  Overlord  
  81  5:44  Hatchery, Overlord  
  81  5:46  Drone  
  81  5:48  Overlord  
  81  5:49  Hydralisk Den  
  80  5:53  Drone x4  
  84  6:08  Overlord  
  84  6:09  Drone  
  84  6:11  Overlord  
  85  6:14  Overlord  
  85  6:19  Hydralisk x4  
  85  6:20  Hydralisk x5  
  85  6:22  Grooved Spines  
  103  6:26  Hydralisk x3  
  109  6:33  Hydralisk x3  
  115  6:41  Zergling x8  
  119  6:51  Hydralisk x2, Evolution Chamber  
  119  6:53  Drone x6  
  128  6:54  Drone  
  129  7:01  Baneling Nest  
  129  7:02  Drone x3  
  129  7:04  Zergling x4  
  132  7:10  Drone x2  
  132  7:11  Infestation Pit, Lurker Den  
  131  7:19  Hydralisk x3  
  134  7:24  Zergling x6  
  133  7:30  Hydralisk x3  
  133  7:31  Hydralisk  
  133  7:32  Zergling x10  
  133  7:35  Zerg Missile Weapons Level 2  
  146  7:37  Hydralisk x2  
  146  7:42  Hydralisk x2  
  149  7:46  Zergling x6, Hydralisk x2  
  157  7:51  Zergling x2  
  157  7:52  Zergling x2  
  157  7:54  Zerg Melee Weapons Level 1  
  157  7:55  Zergling x6  
  161  8:02  Overlord x2  
  161  8:05  Overlord x2  
  160  8:06  Overlord  
  160  8:08  Overlord  
  160  8:11  Overlord  
  158  8:13  Spore Crawler, Overlord  
  158  8:14  Extractor  
  158  8:16  Hive  
  158  8:18  Overlord  
  158  8:19  Overlord  
  156  8:22  Lurker x2  
  156  8:23  Lurker, Drone x4  
  156  8:27  Zergling x4  
  165  8:30  Hydralisk x2  
  160  8:42  Hydralisk  
  160  8:44  Hydralisk x3  
  160  8:48  Zergling x4  
  158  8:52  Drone x2, Extractor  
  155  9:02  Zergling x18  
  160  9:06  Lurker x4  
  164  9:12  Zergling x2  
  164  9:13  Zergling x6  
  164  9:15  Muscular Augments  
  168  9:21  Hydralisk x3  
  163  9:37  Adaptive Talons  
  156  9:39  Zergling x10  
  156  9:42  Hydralisk x3  
  156  9:44  Spawning Pool  
  156  9:45  Drone  
  167  9:46  Hatchery  
  166  9:53  Zerg Missile Weapons Level 3  
  166  9:56  Drone x4  
  170  10:04  Lurker x2, Nydus Network  
  171  10:12  Overlord  
  171  10:19  Lurker  
  172  10:25  Evolution Chamber  
  172  10:27  Lurker x3  
  174  10:30  Zergling x2  
  174  10:31  Zergling x14  
  174  10:33  Zergling x12  
  174  10:34  Seismic Spines  
  186  10:39  Lurker  
  186  10:40  Lurker x2  
  186  10:41  Zergling x6  
  192  10:45  Zergling x12  
  192  10:47  Lurker x2  
  199  10:50  Overlord  
  199  10:55  Spine Crawler  
  198  10:57  Spine Crawler x2  
  198  10:58  Spine Crawler x2  
  198  10:59  Lurker x2  
  198  11:00  Spine Crawler  
  195  11:09  Nydus Canal  
  195  11:13  Zergling x10  
  200  11:25  Overseer  
  199  11:26  Hydralisk, Overlord x2  
  199  11:29  Nydus Canal  
  196  11:33  Hydralisk x2  
  196  11:34  Zergling x2  
  199  11:44  Nydus Canal  
  190  11:50  Hydralisk x2  
  190  11:53  Zergling x4  
  183  11:54  Hydralisk  
  183  11:55  Hydralisk x2  
  183  11:56  Zergling x8  
  183  11:58  Zergling x4, Nydus Canal  
  183  12:04  Hydralisk x2  
  183  12:07  Hydralisk  
  183  12:08  Hydralisk  
  186  12:12  Hydralisk  
  187  12:16  Nydus Canal  
  187  12:17  Hydralisk x2  
  187  12:19  Hydralisk  
  187  12:21  Baneling x4  
  185  12:33  Nydus Canal  
  182  12:40  Hatchery  

Tags
 
Add a new tag
Caveats
  • Supply blocks, unpowered buildings, or Contaminate may cause inaccurate times.
  • Supply counts are checked every 10 seconds.